 Dungeon Crawl Stone Soup version 0.29-a0-356-g7bc237e783 (webtiles) character file.

Game seed: 15107393844878826496

115 Shayle the Sneak (level 5, -7/28 HPs)
             Began as a Tengu Brigand on Apr 26, 2022.
             Mangled by a kobold
             ... wielding a +0 short sword of distortion
              (24 damage)
             ... on level 3 of the Dungeon.
             The game lasted 00:07:33 (2108 turns).

Shayle the Sneak (Tengu Brigand)                    Turns: 2108, Time: 00:07:34

Health: -7/28      AC:  8    Str:  9 (11) XL:     5   Next: 0%
Magic:  8/8        EV: 12    Int: 15      God:
Gold:   92         SH:  0    Dex: 17 (18) Spells: 6/7 levels left

rFire   . . .      SeeInvis .   a - +2 dagger
rCold   . . .      Faith    .   (no shield)
rNeg    . . .      Spirit   .   m - +0 ring mail
rPois   .          Reflect  .   (helmet restricted)
rElec   .          Harm     .   c - +0 cloak
rCorr   .          Rampage  .   (no gloves)
Will    .....                   (boots unavailable)
Stlth   ++........              (no amulet)
HPRegen 0.09/turn               (no ring)
MPRegen 0.11/turn               (no ring)

@: flying quickly and evasively, quick
A: beak, talons 3, nimble flight, iridescent scales 1, agile 1, clever 1, frail
1, devolution 1
a: no special abilities


You were on level 3 of the Dungeon.
You visited 1 branch of the dungeon, and saw 3 of its levels.

You collected 92 gold pieces.

Inventory:

Hand Weapons
 a - a +2 dagger (weapon)
Missiles
 d - 9 poisoned darts (quivered)
 e - 2 curare-tipped darts
Armour
 b - a +0 robe
 c - a +0 cloak (worn)
 m - a +0 ring mail (worn)
Jewellery
 j - a ring of ice
 q - an amulet of magic regeneration
Scrolls
 g - a scroll of magic mapping {unknown}
 i - a scroll of blinking {unknown}
 k - a scroll of enchant weapon {unknown}
 n - 2 scrolls of teleportation {unknown}
 o - 2 scrolls of identify {unknown}
 p - 4 scrolls of fog {unknown}
 r - a scroll of noise {unknown}
 s - 2 scrolls of holy word {unknown}
Potions
 f - a potion of mutation
 h - 2 potions of degeneration
 l - 2 potions of brilliance {unknown}


   Skills:
 + Level 2.8 Fighting
 - Level 2.1 Short Blades
 - Level 2.0 Throwing
 + Level 2.4 Dodging
 + Level 4.6 Stealth
 + Level 1.5 Spellcasting
 + Level 1.2 Conjurations
 + Level 0.8 Fire Magic


You had 6 spell levels left.
You knew the following spells:

 Your Spells              Type           Power      Damage    Failure   Level
a - Foxfire               Conj/Fire      16%        2x1d4     38%         1

Your spell library contained the following spells:

 Spells                   Type           Power      Damage    Failure   Level
 Freeze                   Ice            4%         1d3       54%         1
 Conjure Flame            Conj/Fire      4%         6-21      77%         3
 Inner Flame              Hex/Fire       2%         N/A       86%         3
 Frozen Ramparts          Ice            2%         1d2       89%         3
 Flame Wave               Conj/Fire      4%         2d5       99%         4
 Hailstorm                Conj/Ice       3%         3d3       99%         4


Dungeon Overview and Level Annotations

Branches:
Dungeon (3/15)

Altars:
Lugonu


Innate Abilities, Weirdness & Mutations

You have a beak for a mouth.
You have claws for feet.
Your magical nature lets you fly swiftly and evasively.
You are partially covered in iridescent scales. (AC +2)
You are agile. (Dex +2)
Your mind is acute. (Int +2)
You are frail. (-10% HP)
You have hidden genetic defects.


Message History

The dart slug is lightly wounded.
The dart slug barely misses you.
You hit the dart slug.
You peck the dart slug, but do no damage.
The dart slug is moderately wounded.
The dart slug bites you.
You hit the dart slug. You claw the dart slug.
You kill the dart slug!
You feel your intelligence returning.
You have reached level 5!
Your magical nature develops, letting you fly swiftly and evasively.
HP restored.
Found 28 stones.
Found a large runed translucent door.
g - a scroll labelled FOAKHL NECZOEKH
Found a corrupted altar of Lugonu.
The kobold shouts!
You hear a shout!
The kobold shouts!
You reach down and open the large door.
A kobold comes into view. It is wielding a +0 short sword.
You closely miss the kobold.
The kobold shouts!
Your kick misses the kobold. The kobold hits you but does no damage.
Space warps around you.
You hit the kobold. You claw the kobold, but do no damage.
The kobold is moderately wounded.
The kobold barely misses you.
You hit the kobold but do no damage. You peck the kobold.
The kobold is severely wounded.
You barely miss the kobold. Your peck misses the kobold.
The kobold is severely wounded.
The kobold hits you with a +0 short sword of distortion.
Space warps around you.
You barely miss the kobold. Your kick misses the kobold.
Your peck misses the kobold.
The kobold is severely wounded.
The kobold hits you with a +0 short sword of distortion.
Space warps horribly around you!!
Ouch! That really hurt!
You die...

#.# ..# ### # .# ###### ##
....#### #.... .# .#.......
#... # .##.......... #..#
.# ..#........... #..# ..#
...............####.###..§#
................@KKK'...§§.
..#..#.........###K.'...§§§
.....#......... ##.##..§§§
............... #..# ...#
...............####.### ..
......................#
##..##..........###.### ##
....#...###.###.###.# ...
............# #.....###....


You could see 4 kobolds.

Vanquished Creatures
  Terence (D:2)
  3 adders
  A worm (D:2)
  2 dart slugs (D:3)
  3 orcs
  4 ball pythons (D:1)
  5 bats
  4 endoplasms
  A giant cockroach (D:1)
  4 goblins
  5 hobgoblins
  3 jackals (D:1)
  2 quokkas (D:1)
  2 frilled lizards (D:2)
  6 kobolds
  4 rats
50 creatures vanquished.

Notes
Turn   | Place    | Note
-------+----------+-------------------------------------------
     0 | D:1      | Shayle the Tengu Brigand began the quest for the Orb.
     0 | D:1      | Reached XP level 1. HP: 12/12 MP: 2/2
   201 | D:1      | Reached XP level 2. HP: 16/17 MP: 3/3
   601 | D:1      | Reached XP level 3. HP: 22/22 MP: 5/5
   860 | D:2      | Reached skill level 1 in Spellcasting
  1177 | D:2      | Learned a level 1 spell: Foxfire
  1304 | D:2      | Found a faded altar of an unknown god.
  1391 | D:2      | Noticed Terence
  1408 | D:2      | Killed Terence
  1409 | D:2      | Reached XP level 4. HP: 25/27 MP: 5/7
  1745 | D:3      | Gained mutation: Your mind is acute. (Int +2) [potion of
                  | mutation]
  1745 | D:3      | Gained mutation: You are partially covered in iridescent
                  | scales. (AC +2) [potion of mutation]
  1745 | D:3      | Gained mutation: You have hidden genetic defects. [potion
                  | of mutation]
  1745 | D:3      | Gained mutation: You are agile. (Dex +2) [potion of
                  | mutation]
  1753 | D:3      | Reached skill level 1 in Conjurations
  1924 | D:3      | Gained mutation: You are frail. (-10% HP) [hidden defects]
  2024 | D:3      | Gained mutation: Your magical nature lets you fly swiftly
                  | and evasively. [Tengu growth]
  2024 | D:3      | Reached XP level 5. HP: 25/28 MP: 8/8
  2090 | D:3      | Found a large runed translucent door.
  2091 | D:3      | Found a large runed translucent door.
  2098 | D:3      | Found a corrupted altar of Lugonu.
  2108 | D:3      | Mangled by a kobold

Illustrated notes

Levels and vault maps discovered:
D:1:      heliophobic_arrival_ceremonial_halls, layout_loops_ring
D:2:      layout_loops_ring, shapermc_ecumenical_altar_ellora, uniq_terence
D:3:      due_chaos_kobolds, layout_rooms, chequers_serial_rivers_small_b,
          grunt_decor_one_mirror, uniq_jessica

Skill      XL: |  1  2  3  4 |
---------------+-------------+-----
Spellcasting   | 1 |  1.5
Dodging        | 2 |  2.4
Conjurations   | 1 |  1.2
Fighting       | |  2.8
Short Blades   | |  2.1
Throwing       | |  2.0
Stealth        | |  4.6
Fire Magic     | |  0.8

Action                   |  1- 3 |  4- 6 || total
-------------------------+-------+-------++-------
Melee: Dagger            |    69 |    43 ||   112
       Kick              |    14 |    10 ||    24
       Peck              |     9 |     4 ||    13
Throw: Dart              |     7 |     3 ||    10
  Use: Potion            |       |     3 ||     3
 Stab: Sleeping          |     8 |     1 ||     9
Armor: Robe              |     8 |       ||     8
       Ring mail         |    15 |    18 ||    33
Dodge: Dodged            |    32 |    32 ||    64

Table legend: (Time is in decaauts)
 A = Elapsed time spent in this place.
 B = Non-inter-level travel time spent in this place.
 C = Inter-level travel time spent in this place.
 D = Time resting spent in this place.
 E = Time spent auto-exploring this place.
 F = Levels seen in this place.
 G = Mean time per level.
                   A        B        C        D        E       F      G
               +--------+--------+--------+--------+--------+-----+--------+
         Total |   2090 |   2003 |     87 |    107 |   1371 |   3 |  696.7 |
       Dungeon |   2090 |   2003 |     87 |    107 |   1371 |   3 |  696.7 |
               +--------+--------+--------+--------+--------+-----+--------+

Top non-repeatable levels by time:
     D:2: 998 daAuts
     D:1: 852 daAuts
     D:3: 240 daAuts
